Map: Lerilak Crest

Players

LilDicky

  • Race: Terran Terran
  • League: Diamond

EMP - Winner!

  • Race: Zerg Zerg
  • League: Diamond

VOD

http://www.twitch.tv/tumescentpie

Description

Time

  • Played on: Nov. 21, 2015, 9:10 p.m.
  • Length: 12:27
Show
View Real Time Build Order
Export as new Build Order

LilDicky Terran 

Build Orders: Command Center First (CC), MMM Bio 

Get SALT Encoding   

  12  0:01  SCV  
  13  0:13  SCV  
  14  0:24  Supply Depot  
  14  0:25  SCV  
  15  0:46  SCV  
  16  0:58  Command Center  
  16  1:05  SCV  
  17  1:17  SCV  
  18  1:27  Barracks  
  18  1:29  SCV  
  19  1:42  SCV  
  20  1:56  SCV  
  21  2:14  Orbital Command  
  21  2:15  Orbital Command  
  21  2:18  Supply Depot, Marine  
  22  2:27  Command Center  
  22  2:38  Marine  
  23  2:45  SCV  
  23  2:47  Bunker  
  23  2:50  SCV  
  25  2:56  Marine  
  26  3:00  SCV  
  26  3:05  SCV  
  28  3:11  Command Center  
  28  3:13  SCV  
  28  3:14  Marine  
  30  3:23  SCV  
  32  3:27  SCV  
  32  3:33  Barracks  
  32  3:34  Marine  
  32  3:35  SCV, Barracks  
  33  3:43  Orbital Command  
  33  3:46  SCV  
  33  3:47  SCV, Refinery  
  33  3:48  Refinery  
  35  3:52  Marine  
  36  3:58  SCV  
  34  4:06  SCV  
  34  4:10  Marine  
  34  4:13  Barracks x2  
  34  4:15  Barracks  
  34  4:16  SCV x2  
  37  4:18  SCV  
  38  4:26  Orbital Command, Marine  
  41  4:32  Barracks Tech Lab  
  41  4:33  Barracks Reactor  
  41  4:35  SCV, Bunker  
  40  4:38  SCV  
  40  4:40  SCV  
  43  4:50  SCV  
  43  4:51  Marine  
  45  4:58  Stimpack  
  45  5:00  Barracks Tech Lab  
  45  5:04  SCV  
  45  5:05  Marine  
  46  5:07  Refinery  
  46  5:08  Refinery  
  47  5:14  Supply Depot, Marine  
  47  5:17  Barracks Reactor  
  47  5:22  Orbital Command  
  32  5:41  Marine  
  32  5:42  Marine  
  30  5:44  Marine x3  
  30  5:45  Marine  
  30  5:47  SCV x3  
  30  5:49  SCV  
  31  5:52  Combat Shields  
  31  5:56  Factory, Marine x2  
  33  5:59  SCV, Marine x2  
  33  6:02  Marine x3  
  33  6:03  Marine  
  40  6:07  Bunker  
  40  6:11  SCV  
  41  6:13  Marine  
  41  6:14  Supply Depot, Marine  
  41  6:17  SCV, Marine x2  
  46  6:20  Marine  
  47  6:32  Marine x3  
  49  7:00  Marine x4  
  50  7:12  Marine x2  
  52  7:15  Bunker  
  52  7:17  Bunker  
  52  7:26  Marine x2  
  52  7:27  Marine x4  
  44  7:33  Widow Mine  
  40  7:39  Orbital Command  
  40  7:43  Marine x2  
  41  7:44  Marine x3  
  41  7:45  Starport, Marauder x2  
  41  7:50  Marine  
  49  8:00  Marine x2  
  49  8:01  SCV  
  49  8:02  Marine x3  
  55  8:07  Marine, Marauder x2  
  60  8:13  Factory Reactor  
  60  8:18  Marine x2  
  62  8:20  Marine x2  
  63  8:28  Marauder  
  65  8:36  Marine  
  65  8:37  Marine x4  
  70  8:49  Marauder  
  66  8:55  Marauder  
  66  8:56  Marine x3  
  69  9:03  Orbital Command  
  69  9:08  Marine x3  
  72  9:10  Marine  
  72  9:15  Marine x3  
  78  9:17  Marauder  
  78  9:23  SCV x2  
  80  9:26  Factory Reactor  
  80  9:29  Marauder  
  61  9:55  Marine x2  
  61  9:56  Marine  
  58  10:06  Marine  
  53  10:07  Marine x2  
  53  10:08  Marauder x2  
  53  10:10  SCV  
  53  10:11  SCV  
  53  10:13  Marine x3  
  62  10:17  Orbital Command  
  61  10:24  Marine  
  61  10:25  Marine x2  
  61  10:29  Marauder x2  
  61  10:31  Marine x2  
  61  10:33  Widow Mine x2, Medivac x2  
  73  10:42  Marine x2  
  75  10:48  Engineering Bay  
  75  10:50  Marine x2  
  75  10:51  Marauder x2  
  75  10:52  Orbital Command  
  75  10:54  Marine x2  
  82  11:12  Marauder  
  82  11:13  Marauder  
  82  11:17  Widow Mine x2  
  84  11:23  Medivac x2  
  84  11:25  Supply Depot x2  
  88  11:31  Missile Turret  
  88  11:33  Marauder  
  88  11:34  Marauder  
  92  11:40  Marine x2  
  92  11:41  Marine x4  
  92  11:42  SCV  
  92  11:54  Marine  
  92  11:55  Marine  
  92  11:58  Marine  
  95  12:02  Marine x2  
Show
View Real Time Build Order
Export as new Build Order

EMP Zerg - Winner!

Build Orders: Hatch First, Muta Ling Bane 

Get SALT Encoding   

  12  0:01  Drone  
  13  0:12  Overlord  
  13  0:17  Drone  
  14  0:32  Drone x2  
  14  0:35  Drone  
  17  0:54  Hatchery  
  16  1:04  Drone x2  
  18  1:13  Spawning Pool  
  18  1:16  Drone  
  18  1:20  Drone  
  20  1:32  Drone  
  20  1:37  Extractor  
  20  1:39  Drone  
  20  1:50  Drone  
  21  2:05  Queen x2  
  25  2:12  Zergling x2  
  25  2:13  Zergling x4  
  28  2:21  Overlord  
  28  2:42  Drone x3  
  31  2:45  Drone x2  
  31  2:48  Metabolic Boost  
  31  2:49  Drone  
  34  2:56  Drone  
  35  2:59  Drone  
  36  3:06  Overlord  
  36  3:09  Hatchery  
  35  3:16  Drone  
  36  3:24  Baneling Nest, Drone x2  
  36  3:25  Drone x2  
  39  3:29  Drone x3  
  39  3:34  Drone, Extractor  
  43  3:37  Drone  
  43  3:44  Overlord  
  43  3:59  Drone  
  43  4:00  Drone  
  43  4:02  Drone x2, Queen  
  48  4:03  Drone  
  48  4:06  Overlord  
  49  4:21  Zergling x8  
  53  4:29  Zergling x2  
  53  4:30  Zergling x4  
  56  4:34  Lair x2  
  56  4:35  Drone x2  
  58  4:40  Zergling x2  
  58  4:43  Zergling x4  
  61  4:51  Zergling x2  
  62  4:55  Hatchery, Zergling x8  
  65  5:01  Baneling x7  
  65  5:02  Baneling  
  65  5:06  Zergling x2  
  66  5:07  Overlord  
  66  5:08  Overlord x3  
  66  5:14  Overlord  
  62  5:32  Zergling x6  
  62  5:33  Zergling x6  
  62  5:34  Zergling x2  
  67  5:38  Zergling x2  
  67  5:39  Zergling x4  
  67  5:42  Zergling x2  
  67  5:51  Spire  
  67  5:53  Baneling x5  
  66  6:11  Zergling x2  
  66  6:12  Zergling x16  
  66  6:16  Centrifical Hooks  
  75  6:18  Extractor  
  75  6:20  Extractor  
  75  6:23  Drone x9, Extractor  
  75  6:24  Extractor  
  80  6:27  Queen  
  82  6:46  Drone x2  
  84  6:52  Drone  
  71  7:31  Zergling x14  
  73  7:49  Mutalisk x3  
  73  7:50  Mutalisk x2, Extractor  
  82  7:51  Drone  
  82  7:52  Drone x5, Extractor  
  82  7:53  Drone  
  82  7:54  Drone  
  89  8:06  Drone x2  
  89  8:08  Burrow  
  90  8:35  Baneling  
  90  8:36  Baneling x9  
  90  8:38  Zergling x2  
  90  8:39  Zergling x10  
  90  8:40  Zergling x14  
  103  8:42  Overlord x3  
  103  8:43  Overlord  
  97  9:08  Drone x3  
  97  9:09  Drone x3  
  103  9:10  Drone x2  
  103  9:11  Drone  
  103  9:12  Drone x2  
  108  9:18  Baneling  
  108  9:19  Baneling x13  
  108  9:20  Zergling x2  
  108  9:21  Zergling x6  
  112  9:29  Drone x2  
  114  9:37  Hatchery  
  105  9:43  Mutalisk x3  
  102  9:46  Hatchery  
  102  9:49  Hatchery  
  99  9:53  Zergling x8  
  99  9:54  Zergling x6  
  99  9:55  Zergling x2  
  99  9:56  Zergling x10  
  109  10:01  Hatchery  
  107  10:11  Mutalisk  
  107  10:12  Mutalisk  
  107  10:13  Zergling x2  
  111  10:15  Overlord x2  
  111  10:16  Overlord x2  
  110  10:28  Mutalisk  
  110  10:30  Overlord x5  
  112  10:41  Mutalisk x6  
  112  10:42  Mutalisk x2  
  128  10:43  Overlord, Zergling x2  
  129  10:52  Pneumatized Carapace  
  129  10:54  Overseer  
  129  10:55  Overseer x2  
  129  10:56  Overseer, Zergling x2  
  129  10:57  Zergling x8, Baneling x6  
  123  11:15  Queen  
  123  11:16  Drone  
  123  11:17  Drone x8  
  132  11:22  Infestation Pit  
  131  11:33  Hydralisk Den  
  131  11:36  Evolution Chamber  
  131  11:37  Evolution Chamber  
  131  11:39  Hatchery  
  115  12:02  Zergling x2  
  130  12:13  Baneling  
Tags
 
Add a new tag
Caveats
  • Supply blocks, unpowered buildings, or Contaminate may cause inaccurate times.
  • Supply counts are checked every 10 seconds.